TOP OF THE 1ST |
Santa Domingo Colonials batting - Pitching for Castries Palmeras : RHP Keith MacWhorter
|
Pitching: RHP Keith MacWhorter
|
|
Batting: SHB Curt Bryan
|
0-0: Ball 1-0: Ball 2-0: Ball 3-0: Called Strike 3-1: Fly out, F7 (Flyball, 78M, EV 91.3 MPH)
|
Batting: SHB Bip Roberts
|
0-0: Fly out, F7 (Flyball, 78S, EV 78.1 MPH)
|
Batting: LHB Mike Stenhouse
|
0-0: Foul Ball, location: 2F 0-1: Ball 1-1: Fly out, F9 (Flyball, 9, EV 96.9 MPH)
|
Top of the 1st over - 0 runs, 0 hits, 0 errors, 0 left on base; Santa Domingo 0 - Castries 0 |
BOTTOM OF THE 1ST |
Castries Palmeras batting - Pitching for Santa Domingo Colonials : LHP Omar Aguilar
|
Pitching: LHP Omar Aguilar
|
|
Batting: SHB Ignacio Medina
|
0-0: Ground out 5-3 (Groundball, 56S, EV 85.0 MPH)
|
Batting: RHB Mike Sharperson
|
0-0: Ball 1-0: Ball 2-0: Ball 3-0: Called Strike 3-1: Swinging Strike 3-2: Base on Balls
|
Batting: RHB Kevin McReynolds
|
0-0: Ball 1-0: Foul Ball, location: 2F 1-1: SINGLE (Line Drive, 4MD, EV 96.9 MPH) Mike Sharperson to second Runner from 2nd tries for 3rd, SAFE, throw by CF made to third
|
Batting: LHB Dan Logan
|
0-0: Ball 1-0: Called Strike 1-1: Ball 2-1: Ball 3-1: Foul Ball, location: 2F 3-2: Foul Ball, location: 2F 3-2: Strikes out swinging
|
Batting: RHB Rob Teegarden
|
0-0: Ball 1-0: Ball 2-0: Ball 3-0: Base on Balls Kevin McReynolds to second
|
Batting: LHB Creighton Tevlin
|
0-0: Foul Ball, location: 2F 0-1: Called Strike 0-2: Ball 1-2: Ball 2-2: Ball 3-2: Ground out 4-3 (Groundball, 34, EV 87.5 MPH)
|
Bottom of the 1st over - 0 runs, 1 hit, 0 errors, 3 left on base; Santa Domingo 0 - Castries 0 |
TOP OF THE 2ND |
Santa Domingo Colonials batting - Pitching for Castries Palmeras : RHP Keith MacWhorter
|
Batting: LHB Marvell Wynne
|
0-0: Swinging Strike 0-1: Ball 1-1: SINGLE (Groundball, P, EV 85.0 MPH) (infield hit)
|
Batting: RHB Ryne Sandberg
|
0-0: Foul Ball, location: 2F 0-1: Called Strike 0-2: Foul Ball, location: 2F 0-2: Ball 1-2: Fielders Choice at 2nd, 2-6 (Groundball, 2R, EV 70.6 MPH)
|
Batting: RHB Ken Gerhart
|
0-0: Called Strike Ryne Sandberg steals 2nd base 0-1: Ball 1-1: Swinging Strike 1-2: Strikes out swinging, 2-3 out at first.
|
Batting: RHB Ron Wotus
|
0-0: Ball 1-0: Called Strike 1-1: Ball 2-1: Ground out 6-3 (Groundball, 6, EV 88.8 MPH)
|
Top of the 2nd over - 0 runs, 1 hit, 0 errors, 1 left on base; Santa Domingo 0 - Castries 0 |
BOTTOM OF THE 2ND |
Castries Palmeras batting - Pitching for Santa Domingo Colonials : LHP Omar Aguilar
|
Batting: LHB Joe DeSa
|
0-0: Ground out 4-3 (Groundball, 4, EV 80.0 MPH)
|
Batting: LHB Scott Bradley
|
0-0: Foul Ball, location: 2F 0-1: Swinging Strike 0-2: DOUBLE (Line Drive, 5D, EV 97.5 MPH)
|
Batting: SHB Danny Torres
|
0-0: SINGLE (Line Drive, 6MD, EV 96.3 MPH) Scott Bradley to third Runner from 3rd tries for Home, throw by CF and OUT! 8-2 Danny Torres to second
|
Batting: SHB Ignacio Medina
|
0-0: Called Strike 0-1: Ground out 4-3 (Groundball, 4M, EV 107.5 MPH)
|
Bottom of the 2nd over - 0 runs, 2 hits, 0 errors, 1 left on base; Santa Domingo 0 - Castries 0 |
TOP OF THE 3RD |
Santa Domingo Colonials batting - Pitching for Castries Palmeras : RHP Keith MacWhorter
|
Batting: LHB Rich Gedman
|
0-0: Foul Ball, location: 2F 0-1: Foul Ball, location: 2F 0-2: Ball 1-2: Ground out 4-3 (Groundball, 4, EV 83.8 MPH)
|
Batting: SHB Eddie Tanner
|
0-0: Ball 1-0: Ball 2-0: Ball 3-0: Called Strike 3-1: Base on Balls
|
Batting: SHB Curt Bryan
|
0-0: Called Strike 0-1: Reached via error on a dropped throw from 2B, E3 (Groundball, 4S, EV 71.9 MPH) Eddie Tanner to second
|
Batting: SHB Bip Roberts
|
0-0: Ball 1-0: Called Strike 1-1: Swinging Strike 1-2: Strikes out looking
|
Batting: LHB Mike Stenhouse
|
0-0: Ball 1-0: Ball 2-0: Ball 3-0: Called Strike 3-1: Base on Balls Eddie Tanner to third Curt Bryan to second
|
Batting: LHB Marvell Wynne
|
0-0: Foul Ball, location: 2F 0-1: Called Strike 0-2: Ball 1-2: Foul Ball, location: 2F 1-2: Foul Ball, location: 2F 1-2: Ball 2-2: SINGLE (Groundball, 4MD, EV 102.5 MPH) Eddie Tanner scores Curt Bryan to third Mike Stenhouse to second Runner from 3rd tries for Home, SAFE, throw by CF to home
|
Batting: RHB Ryne Sandberg
|
0-0: Ball 1-0: Called Strike 1-1: SINGLE (Line Drive, 56D, EV 95.6 MPH) Mike Stenhouse to third Marvell Wynne to second Runner from 3rd tries for Home, SAFE, throw by LF to home
|
Batting: RHB Ken Gerhart
|
0-0: Ball 1-0: Foul Ball, location: 2F 1-1: Ball 2-1: Foul Ball, location: 2F 2-2: Strikes out swinging
|
Top of the 3rd over - 3 runs, 2 hits, 1 error, 2 left on base; Santa Domingo 3 - Castries 0 |
BOTTOM OF THE 3RD |
Castries Palmeras batting - Pitching for Santa Domingo Colonials : LHP Omar Aguilar
|
Batting: RHB Mike Sharperson
|
0-0: Swinging Strike 0-1: SINGLE (Flyball, 6D, EV 91.3 MPH)
|
Batting: RHB Kevin McReynolds
|
0-0: Ball 1-0: Ball 2-0: Called Strike 2-1: Ball 3-1: Base on Balls Mike Sharperson to second
|
Batting: LHB Dan Logan
|
0-0: Ball 1-0: Ball 2-0: Foul Ball, location: 2F 2-1: Foul Ball, location: 2F 2-2: Ball 3-2: Strikes out swinging Mike Sharperson steals 3rd base Batter strikes out. Kevin McReynolds to second
|
Batting: RHB Rob Teegarden
|
0-0: Ball 1-0: Called Strike 1-1: Swinging Strike 1-2: Ball 2-2: Ball 3-2: Strikes out swinging
|
Batting: LHB Creighton Tevlin
|
0-0: Called Strike 0-1: Ball 1-1: Ball 2-1: Foul Ball, location: 2F 2-2: Ball 3-2: Ground out 4-3 (Groundball, 4M, EV 100.6 MPH)
|
Bottom of the 3rd over - 0 runs, 1 hit, 0 errors, 2 left on base; Santa Domingo 3 - Castries 0 |
TOP OF THE 4TH |
Santa Domingo Colonials batting - Pitching for Castries Palmeras : RHP Keith MacWhorter
|
Batting: RHB Ron Wotus
|
0-0: Called Strike 0-1: Ball 1-1: Fly out, F8 (Line Drive, 8LD, EV 101.3 MPH)
|
Batting: LHB Rich Gedman
|
0-0: Ball 1-0: Ball 2-0: SINGLE (Line Drive, 5D, EV 103.1 MPH)
|
Batting: SHB Eddie Tanner
|
0-0: Called Strike 0-1: Ball 1-1: Foul Ball, location: 2F 1-2: DOUBLE (Flyball, 78D, EV 113.8 MPH) Rich Gedman to third
|
Batting: SHB Curt Bryan
|
0-0: Ball 1-0: Ball 2-0: Ball 3-0: Called Strike 3-1: Foul Ball, location: 2F 3-2: Foul Ball, location: 2F 3-2: SINGLE (Groundball, 34D, EV 81.9 MPH) (infield hit) Rich Gedman scores Eddie Tanner to third
|
Batting: SHB Bip Roberts
|
0-0: Called Strike 0-1: Called Strike 0-2: Foul Ball, location: 2F 0-2: Fielders Choice at 2nd, 3-6 (Groundball, 3S, EV 85.0 MPH) Eddie Tanner scores
|
Batting: LHB Mike Stenhouse
|
0-0: Ball 1-0: Ball Wild Pitch! Bip Roberts to second 2-0: Foul Ball, location: 2F 2-1: Ground out 4-3 (Groundball, 34, EV 87.5 MPH)
|
Top of the 4th over - 2 runs, 3 hits, 0 errors, 1 left on base; Santa Domingo 5 - Castries 0 |
BOTTOM OF THE 4TH |
Castries Palmeras batting - Pitching for Santa Domingo Colonials : LHP Omar Aguilar
|
Batting: LHB Joe DeSa
|
0-0: Ball 1-0: Called Strike 1-1: Ball 2-1: Ball 3-1: Fly out, F4 (Popup, 4MS, EV 78.8 MPH)
|
Batting: LHB Scott Bradley
|
0-0: Ball 1-0: Called Strike 1-1: Ground out 4-3 (Groundball, 4MD, EV 90.6 MPH)
|
Batting: SHB Danny Torres
|
0-0: Foul Ball, location: 2F 0-1: DOUBLE (Line Drive, 9LS, EV 100.6 MPH)
|
Batting: SHB Ignacio Medina
|
0-0: Called Strike 0-1: Ground out 4-3 (Groundball, 34D, EV 88.1 MPH)
|
Bottom of the 4th over - 0 runs, 1 hit, 0 errors, 1 left on base; Santa Domingo 5 - Castries 0 |
TOP OF THE 5TH |
Santa Domingo Colonials batting - Pitching for Castries Palmeras : RHP Keith MacWhorter
|
Batting: LHB Marvell Wynne
|
0-0: Ball 1-0: Foul Ball, location: 2F 1-1: Ground out 6-3 (Groundball, 6, EV 102.5 MPH)
|
Batting: RHB Ryne Sandberg
|
0-0: Ball 1-0: Called Strike 1-1: Ball 2-1: Called Strike 2-2: Foul Ball, location: 2F 2-2: Fly out, F2 (Popup, 23F, EV 85.6 MPH)
|
Batting: RHB Ken Gerhart
|
0-0: Called Strike 0-1: Ball 1-1: Ball 2-1: Ball 3-1: Called Strike 3-2: Foul Ball, location: 2F 3-2: Base on Balls
|
Batting: RHB Ron Wotus
|
0-0: Ball 1-0: Ball 2-0: DOUBLE (Flyball, 8RD, EV 95.0 MPH) Ken Gerhart to third Runner from 3rd tries for Home, SAFE, no throw by CF
|
Pitching: RHP Tom Lukish
|
|
Batting: LHB Rich Gedman
|
0-0: Ball 1-0: SINGLE (Line Drive, 78M, EV 85.0 MPH) Ron Wotus to third Runner from 3rd tries for Home, SAFE, throw by LF to home
|
Batting: SHB Eddie Tanner
|
0-0: Ball 1-0: Called Strike 1-1: Ball 2-1: DOUBLE (Groundball, 5L, EV 103.1 MPH) Rich Gedman to third Runner from 3rd tries for Home, SAFE, throw by LF to home
|
Batting: SHB Curt Bryan
|
0-0: Foul Ball, location: 2F 0-1: Ball 1-1: Foul Ball, location: 2F 1-2: Fly out, F7 (Flyball, 7LD, EV 92.5 MPH)
|
Top of the 5th over - 3 runs, 3 hits, 0 errors, 1 left on base; Santa Domingo 8 - Castries 0 |
BOTTOM OF THE 5TH |
Castries Palmeras batting - Pitching for Santa Domingo Colonials : LHP Omar Aguilar
|
Batting: RHB Mike Sharperson
|
0-0: Swinging Strike 0-1: DOUBLE (Groundball, 5L, EV 115.6 MPH)
|
Batting: RHB Kevin McReynolds
|
0-0: Called Strike 0-1: Fly out, F4 (Flyball, 34D, EV 84.4 MPH)
|
Batting: LHB Dan Logan
|
0-0: Ball 1-0: Called Strike 1-1: Swinging Strike 1-2: Ball 2-2: Ball 3-2: Base on Balls
|
Batting: RHB Rob Teegarden
|
0-0: Called Strike Mike Sharperson steals 3rd base (no throw) Dan Logan to second 0-1: Foul Ball, location: 2F 0-2: Ball 1-2: Strikes out swinging
|
Batting: LHB Creighton Tevlin
|
0-0: Ball 1-0: Fly out, F9 (Line Drive, 9, EV 104.4 MPH)
|
Bottom of the 5th over - 0 runs, 1 hit, 0 errors, 2 left on base; Santa Domingo 8 - Castries 0 |
TOP OF THE 6TH |
Santa Domingo Colonials batting - Pitching for Castries Palmeras : RHP Tom Lukish
|
Batting: SHB Bip Roberts
|
0-0: Ball 1-0: Ball 2-0: Called Strike 2-1: Swinging Strike 2-2: Hit by Pitch
|
Batting: LHB Mike Stenhouse
|
0-0: Ball 1-0: Ball 2-0: Called Strike 2-1: Swinging Strike 2-2: Strikes out swinging
|
Batting: LHB Marvell Wynne
|
0-0: Called Strike 0-1: Ball Bip Roberts is caught stealing 2nd base 2-6 1-1: Called Strike 1-2: Foul Ball, location: 2F 1-2: Ball 2-2: Ball 3-2: Foul Ball, location: 2F 3-2: Strikes out swinging
|
Top of the 6th over - 0 runs, 0 hits, 0 errors, 0 left on base; Santa Domingo 8 - Castries 0 |
BOTTOM OF THE 6TH |
Castries Palmeras batting - Pitching for Santa Domingo Colonials : LHP Omar Aguilar
|
Batting: LHB Joe DeSa
|
0-0: Called Strike 0-1: Foul Ball, location: 2F 0-2: Ball 1-2: Ball 2-2: Ball 3-2: Foul Ball, location: 2F 3-2: Ground out 4-3 (Groundball, 34D, EV 107.5 MPH)
|
Batting: LHB Scott Bradley
|
0-0: Called Strike 0-1: Swinging Strike 0-2: Ball 1-2: Ground out 1-3 (Groundball, 15S, EV 65.0 MPH)
|
Batting: SHB Danny Torres
|
0-0: Called Strike 0-1: Ball 1-1: Foul Ball, location: 2F 1-2: Strikes out swinging
|
Bottom of the 6th over - 0 runs, 0 hits, 0 errors, 0 left on base; Santa Domingo 8 - Castries 0 |
TOP OF THE 7TH |
Santa Domingo Colonials batting - Pitching for Castries Palmeras : RHP Tom Lukish
|
Pinch Hitting: RHB Paul Runge
|
0-0: Ball 1-0: Ball 2-0: Called Strike 2-1: Ball 3-1: Base on Balls
|
Pitching: RHP Robert Leonard
|
|
Batting: RHB Ken Gerhart
|
0-0: Swinging Strike 0-1: Foul Ball, location: 2F 0-2: SINGLE (Flyball, 4D, EV 92.5 MPH) Paul Runge to second
|
Pinch Hitting: LHB Marty Pevey
|
0-0: Called Strike 0-1: Ball 1-1: Foul Ball, location: 2F 1-2: Strikes out swinging
|
Batting: LHB Rich Gedman
|
0-0: Called Strike 0-1: Foul Ball, location: 2F 0-2: Ball Wild Pitch! Paul Runge to third Ken Gerhart to second 1-2: Strikes out swinging, 2-3 out at first.
|
Pinch Hitting: RHB Alan Griffin
|
0-0: Ball 1-0: Swinging Strike 1-1: Foul Ball, location: 2F 1-2: Ground out 5-3 (Groundball, 56, EV 88.1 MPH)
|
Top of the 7th over - 0 runs, 1 hit, 0 errors, 2 left on base; Santa Domingo 8 - Castries 0 |
BOTTOM OF THE 7TH |
Castries Palmeras batting - Pitching for Santa Domingo Colonials : LHP Omar Aguilar
|
Pitching: RHP Tim Reynolds
|
|
Now at 1B: Alan Griffin
|
|
Now at 2B: Paul Runge
|
|
Now at 3B: Vinny Jaramillo
|
|
Batting: SHB Ignacio Medina
|
0-0: Ground out 4-3 (Groundball, 4, EV 83.1 MPH)
|
Batting: RHB Mike Sharperson
|
0-0: Ball 1-0: Called Strike 1-1: Foul Ball, location: 2F 1-2: Ball 2-2: Ball 3-2: Foul Ball, location: 2F 3-2: Ground out 6-3 (Groundball, 6, EV 87.5 MPH)
|
Batting: RHB Kevin McReynolds
|
0-0: Swinging Strike 0-1: Foul Ball, location: 2F 0-2: TRIPLE (Flyball, 9D, EV 91.9 MPH)
|
Batting: LHB Dan Logan
|
0-0: DOUBLE (Groundball, 5D, EV 110.0 MPH) Kevin McReynolds scores
|
Batting: RHB Rob Teegarden
|
0-0: Foul Ball, location: 2F 0-1: Ball 1-1: Ball 2-1: Swinging Strike 2-2: Ball 3-2: Base on Balls
|
Batting: LHB Creighton Tevlin
|
0-0: SINGLE (Flyball, 78S, EV 97.5 MPH) Dan Logan to third Rob Teegarden to second Runner from 3rd tries for Home, SAFE, throw by LF to home
|
Batting: LHB Joe DeSa
|
0-0: Called Strike 0-1: Ball 1-1: Foul Ball, location: 2F 1-2: Ball 2-2: Strikes out swinging
|
Bottom of the 7th over - 2 runs, 3 hits, 0 errors, 2 left on base; Santa Domingo 8 - Castries 2 |
TOP OF THE 8TH |
Santa Domingo Colonials batting - Pitching for Castries Palmeras : RHP Robert Leonard
|
Batting: SHB Curt Bryan
|
0-0: Foul Ball, location: 2F 0-1: Fly out, F9 (Flyball, 9LM, EV 90.0 MPH)
|
Batting: SHB Bip Roberts
|
0-0: Foul Ball, location: 2F 0-1: Ground out 1-3 (Groundball, 15S, EV 69.4 MPH)
|
Batting: LHB Mike Stenhouse
|
0-0: Ball 1-0: Swinging Strike 1-1: Swinging Strike 1-2: Strikes out swinging
|
Top of the 8th over - 0 runs, 0 hits, 0 errors, 0 left on base; Santa Domingo 8 - Castries 2 |
BOTTOM OF THE 8TH |
Castries Palmeras batting - Pitching for Santa Domingo Colonials : RHP Tim Reynolds
|
Now in RF: Ramon Estepa
|
|
Batting: LHB Scott Bradley
|
0-0: Ball 1-0: Ball 2-0: DOUBLE (Line Drive, 78M, EV 105.6 MPH)
|
Batting: SHB Danny Torres
|
0-0: Foul Ball, location: 2F 0-1: Ground out 1-3 (Groundball, 13S, EV 67.5 MPH) Scott Bradley to third
|
Batting: SHB Ignacio Medina
|
0-0: Ball 1-0: Foul Ball, location: 2F 1-1: Fly out, F8 (Flyball, 8LXD, EV 106.3 MPH) Runner from 3rd tags up, SCORES, no throw by CF
|
Batting: RHB Mike Sharperson
|
0-0: Ball 1-0: Ball 2-0: Ball 3-0: Called Strike 3-1: Called Strike 3-2: Ground out 5-3 (Groundball, 56S, EV 88.1 MPH)
|
Bottom of the 8th over - 1 run, 1 hit, 0 errors, 0 left on base; Santa Domingo 8 - Castries 3 |
TOP OF THE 9TH |
Santa Domingo Colonials batting - Pitching for Castries Palmeras : RHP Robert Leonard
|
Batting: LHB Marvell Wynne
|
0-0: Ground out 3-1 (Groundball, 34, EV 77.5 MPH)
|
Batting: RHB Paul Runge
|
0-0: Called Strike 0-1: Called Strike 0-2: Strikes out swinging
|
Batting: RHB Ken Gerhart
|
0-0: Ball 1-0: Ball 2-0: Foul Ball, location: 2F 2-1: Foul Ball, location: 2F 2-2: Strikes out swinging
|
Top of the 9th over - 0 runs, 0 hits, 0 errors, 0 left on base; Santa Domingo 8 - Castries 3 |
BOTTOM OF THE 9TH |
Castries Palmeras batting - Pitching for Santa Domingo Colonials : RHP Tim Reynolds
|
Pitching: LHP Rick Adair
|
|
Batting: RHB Kevin McReynolds
|
0-0: Ball 1-0: Ball 2-0: Swinging Strike 2-1: Ball 3-1: Called Strike 3-2: SOLO HOME RUN (Flyball, 78XD, EV 98.1 MPH), Distance : 448 ft
|
Batting: LHB Dan Logan
|
0-0: Ball 1-0: Foul Ball, location: 2F 1-1: Called Strike 1-2: Foul Ball, location: 2F 1-2: Ball 2-2: Reached on error, E3 (Groundball, 3, EV 87.5 MPH)
|
Batting: RHB Rob Teegarden
|
0-0: Ball 1-0: Ball 2-0: Called Strike 2-1: Foul Ball, location: 2F 2-2: Ball 3-2: Grounds into double play, 5-4-3 (Groundball, 56S, EV 80.0 MPH)
|
Batting: LHB Creighton Tevlin
|
0-0: Ball 1-0: Foul Ball, location: 2F 1-1: Ball 2-1: Foul Ball, location: 2F 2-2: Ground out 6-3 (Groundball, 6, EV 102.5 MPH)
|
Bottom of the 9th over - 1 run, 1 hit, 1 error, 0 left on base; Santa Domingo 8 - Castries 4 |
|